 Dungeon Crawl Stone Soup version 0.18-a0-1521-g59d19af (webtiles) character file.

66 mrath the Cudgeler (level 3, -1/29 HPs)
             Began as a Demonspawn Abyssal Knight on Mar 7, 2016.
             Was a Follower of Lugonu.
             Slain by a gnoll
             ... wielding a +0 spear
              (4 damage)
             ... on level 2 of the Dungeon.
             The game lasted 00:06:22 (1386 turns).

mrath the Cudgeler (Demonspawn Abyssal Knight)      Turns: 1386, Time: 00:06:23

Health: -1/29      AC:  6    Str: 13    XL:     3   Next: 96%
Magic:  0/4        EV: 10    Int: 13    God:    Lugonu [*.....]
Gold:   122        SH:  0    Dex: 12    Spells: 0 memorised, 2 levels left

rFire  . . .     SeeInvis .     a - +1 mace
rCold  . . .     Gourm    .     j - +0 ring mail
rNeg   . . .     Faith    .     (no shield)
rPois  .         Spirit   +     (no helmet)
rElec  .         Dismiss  .     (no cloak)
rCorr  .         Reflect  .     (no gloves)
SustAt .         Harm     .     u - +0 pair of boots
MR     .....                    (no amulet)
Stlth  +.........               (no ring)
                                (no ring)

@: not resistant to hostile enchantments, very unstealthy
A: magic shield
a: Depart the Abyss, Renounce Religion


You were on level 2 of the Dungeon.
You worshipped Lugonu.
Lugonu was aware of your devotion.
You were not hungry.

You visited 1 branch of the dungeon, and saw 2 of its levels.
You visited the Abyss 1 time.

You collected 122 gold pieces.

Inventory:

Hand Weapons
 a - a +1 mace (weapon)
Missiles
 g - 52 stones (quivered)
Armour
 b - a +0 leather armour
 j - a +0 ring mail (worn)
 o - a +0 plate armour
 u - a +0 pair of boots (worn)
Jewellery
 n - an uncursed ring of positive energy {unknown}
Scrolls
 e - a scroll of teleportation {unknown}
 k - a scroll of identify {unknown}
 l - a scroll of remove curse {unknown}
 m - a scroll of fear {unknown}
 r - a scroll of random uselessness {unknown}
 t - a scroll of enchant armour {unknown}
 w - a scroll of enchant weapon {unknown}
Potions
 d - 2 potions of ambrosia {unknown}
 f - a potion of haste {unknown}
 i - a potion of agility {unknown}
 p - a potion of lignification {unknown}
 q - a potion of curing {unknown}
Comestibles
 c - 3 bread rations
 h - a beef jerky
 s - a meat ration
 v - a chunk of flesh


   Skills:
 - Level 3.0 Fighting
 + Level 3.9 Maces & Flails
 - Level 1.7 Armour
 - Level 0.8 Dodging
 - Level 2.4 Invocations


You had 2 spell levels left.
You didn't know any spells.

Dungeon Overview and Level Annotations

Branches:
Dungeon (2/15)

Altars:


Innate Abilities, Weirdness & Mutations

When hurt, damage is shared between your health and your magic reserves.


Message History

The gnoll shouts!
You hit the gnoll but do no damage.
The gnoll is heavily wounded.
The gnoll hits you with a halberd.
Your ring mail prevents you from hitting the gnoll.
The gnoll is heavily wounded.
The gnoll hits you with a halberd!
* * * LOW HITPOINT WARNING * * *
A kobold comes into view. It is wielding a short sword.
The kobold shouts!
You hit the gnoll.
You kill the gnoll!
Lugonu accepts your kill.
You hit the gnoll but do no damage. The gnoll misses you.
You hit the gnoll.
The gnoll is lightly wounded.
The gnoll hits you.
* * * LOW HITPOINT WARNING * * *
The gnoll hits you from afar with a spear.
You die...

#.# #.#
#.. #.#
#.# #.#
#.# #.#
# #># #
#.# #
#.# #.#
#@# #g#
#g#
##K###
#....#
#)##.#
#..#...
.....###
####...#


You could see 2 gnolls and a kobold.

Vanquished Creatures
  2 gnolls (D:2)
  An ooze (D:2)
  3 worms (D:2)
  2 dart slugs (D:1)
  A giant gecko (D:1)
  A ball python (D:2)
  A giant cockroach (D:1)
  5 goblins
  4 hobgoblins
  2 bats (D:1)
  A giant newt (D:1)
  4 kobolds
  2 rats
29 creatures vanquished.

Notes
Turn   | Place    | Note
--------------------------------------------------------------
     0 | Abyss:1  | mrath the Demonspawn Abyssal Knight began the quest for the Orb.
     0 | Abyss:1  | Reached XP level 1. HP: 18/18 MP: 2/2
     0 | D:1      | Escaped the Abyss
   282 | D:1      | Gained mutation: When hurt, damage is shared between your health and your magic reserves. [demonic ancestry]
   282 | D:1      | Reached XP level 2. HP: 24/24 MP: 3/3
   394 | D:1      | Reached * piety under Lugonu
   714 | D:2      | Reached XP level 3. HP: 21/29 MP: 4/4
  1386 | D:2      | Slain by a gnoll

Vault maps used:
D:1:      dpeg_arrival_rhombus
D:2:      minmay_circled_x

Skill      XL: |  1  2 |
---------------+-------+-----
Maces & Flails | 2 3 |  3.9
Fighting       | |  3.0
Armour         | |  1.7
Dodging        | |  0.8
Invocations    | |  2.4

Action                   || total
-------------------------++-------
Melee: Mace              ||   109
Invok: Depart the Abyss  ||     1
  Eat: Chunk             ||     2
